 Dungeon Crawl Stone Soup version 0.32-a0-931-g5a2cda0630 (webtiles) character file.

Game seed: 3286403362011001773

326498 Ajdolov the Warrior (level 20, -8/170 HPs)
             Began as a Mummy Ice Elementalist on Apr 13, 2024.
             Was an Initiate of Gozag.
             Mangled by a +6 glaive of venom (24 damage)
             ... on level 1 of the Elven Halls.
             The game lasted 02:50:52 (81956 turns).

Ajdolov the Warrior (Mummy Ice Elementalist)       Turns: 81956, Time: 02:50:52

Health: -8/170     AC: 20    Str: 12    XL:     20   Next: 76%
Magic:  30/39      EV: 15    Int: 28    God:    Gozag
Gold:   9550       SH:  0    Dex: 24    Spells: 25/49 levels left

rFire   + . .        b - +7 demon trident
rCold   + . .        (no shield)
rNeg    + + +        i - +1 ring mail of the Kappa {*Corrode rElec Dex+6 SInv}
rPois   ∞            P - +1 helmet {Int+3}
rElec   +            j - +2 cloak
rCorr   +            w - +2 pair of gloves
SInv    +            M - +1 pair of boots
Will    ++...        B - amulet "Taitic" {Faith rF+ Int+4 Dex+4}
Stlth   ++           z - ring of resist corrosion
HPRegen 0.48/turn    p - ring of protection from fire
MPRegen 0.26/turn

%: corrode self (3%), faith
@: mighty, about to teleport, invisible
A: cold resistance 1, negative energy resistance 3, torment resistance 2, heat
vulnerability 1, in touch with death 2, no potions, faith
}: 2/15 runes: serpentine, barnacled
a: Renounce Religion, Potion Petition, Call Merchant, Bribe Branch


You were on level 1 of the Elven Halls.
You worshipped Gozag.
Gozag was greatly pleased with you.
You visited 8 branches of the dungeon, and saw 36 of its levels.
You also visited: Sewer, Gauntlet and Wizlab.

You collected 17277 gold pieces.
You spent 778 gold pieces at shops.
You paid 6949 gold pieces to Gozag.

Inventory:

Hand Weapons
 b - a +7 demon trident (weapon)
Missiles
 G - 15 curare-tipped darts
 H - 3 throwing nets
Armour
 i - the +1 ring mail of the Kappa (worn) {*Corrode rElec Dex+6 SInv}
   (You found it on level 1 of the Vaults)

   Dex+6:     It affects your dexterity (+6).
   rElec:     It insulates you from electricity.
   SInv:      It lets you see invisible.
   *Corrode:  It may corrode you when you take damage.
 j - a +2 cloak (worn)
 r - a +2 robe of willpower
 v - a +0 kite shield of reflection
 w - a +2 pair of gloves (worn)
 M - a +1 pair of boots (worn)
 P - a +1 helmet of intelligence (worn)
 S - the orb of Hubris {*channel, Earth}
   (You took it off Frederick on level 3 of the Vaults)

   Earth:     It increases the power of your Earth spells.
Magical Staves
 a - a staff of cold
Jewellery
 p - a ring of protection from fire (right hand)
 u - a +4 ring of slaying
 x - a ring of protection from cold
 y - a ring of see invisible
 z - a ring of resist corrosion (left hand)
 B - the amulet "Taitic" (around neck) {Faith rF+ Int+4 Dex+4}
   (You found it in a Gauntlet)

   [amulet of faith]

   Faith:     It allows you to gain divine favour quickly.
   Int+4:     It affects your intelligence (+4).
   Dex+4:     It affects your dexterity (+4).
   rF+:       It protects you from fire.
 C - a ring of flight
 D - a ring of willpower
 N - a ring of fire
 O - a ring of fire
 R - a ring of magical power
Wands
 h - a wand of flame (52)
 o - a wand of paralysis (14)
 q - a wand of digging (11)
 J - a wand of roots (12)
 K - a wand of mindburst (27)
 T - a wand of polymorph (5)
Scrolls
 c - 9 scrolls of blinking
 d - 15 scrolls of teleportation
 e - a scroll of torment
 f - 4 scrolls of noise
 g - 5 scrolls of butterflies
 k - 6 scrolls of revelation
 m - 7 scrolls of immolation
 n - 2 scrolls of poison
 s - 5 scrolls of vulnerability
 t - 4 scrolls of fog
 A - 6 scrolls of amnesia
 I - 5 scrolls of fear
 L - 2 scrolls of silence
 U - a scroll of enchant armour
Miscellaneous
 l - a Gell's gravitambourine (inert)
 E - a condenser vane (inert)
 F - a sack of spiders (inert)
 Q - a lightning rod (inert)


   Skills:
 + Level 18.0 Fighting
 - Level 0.4 Polearms
 - Level 10.0 Armour
 - Level 8.0 Dodging
 - Level 1.5 Stealth
 - Level 6.3 Shields
 - Level 15.0 Spellcasting
 - Level 3.8 Conjurations
 + Level 18.0 Ice Magic
 - Level 3.9 Alchemy
 + Level 15.0 Evocations


You had 25 spell levels left.
You knew the following spells:

 Your Spells              Type           Power      Damage    Failure   Level
a - Freeze                Ice            100%       1d10      0%          1
b - Frozen Ramparts       Ice            100%       1d16      0%          3
c - Ozocubu's Armour      Ice            89%        N/A       0%          3
d - Summon Ice Beast      Ice/Summ       64%        N/A       1%          3
e - Blink                 Tloc           42%        N/A       7%          2
f - Irradiate             Conj/Alch      21%        3d18      26%         5
g - Ozocubu's Refrigerat  Ice            44%        4d17      2%          7

Your spell library contained the following spells:

 Spells                   Type           Power      Damage    Failure   Level
 Magic Dart               Conj           100%       1d8       1%          1
 Ensorcelled Hibernation  Hex/Ice        100%       N/A       1%          2
 Searing Ray              Conj           84%        2d7       1%          2
 Metabolic Englaciation   Hex/Ice        32%        N/A       3%          5
 Summon Small Mammal      Summ           84%        N/A       4%          1
 Dazzling Flash           Conj/Hex       62%        N/A       6%          3
 Call Imp                 Summ           42%        N/A       7%          2
 Jinxbite                 Hex            42%        N/A       7%          2
 Sculpt Simulacrum        Ice/Alch       35%        N/A       8%          6
 Fulminant Prism          Conj/Alch      21%        3d12      10%         4
 Call Canine Familiar     Summ           21%        N/A       14%         3
 Fugue of the Fallen      Necr           47%        N/A       14%         3
 Passwall                 Erth           21%        N/A       14%         3
 Swiftness                Air            21%        N/A       14%         3
 Teleport Other           Tloc           21%        N/A       14%         3
 Tukima's Dance           Hex            21%        N/A       14%         3
 Volatile Blastmotes      Fire/Tloc      42%        2d13      14%         3
 Brom's Barrelling Bould  Conj/Erth      31%        2d5       21%         4
 Iskenderun's Mystic Bla Conj/Tloc 31%            2d8        (+2d4     21%         4
 Leda's Liquefaction      Alch/Erth      15%        N/A       21%         4
 Petrify                  Alch/Erth      31%        N/A       21%         4
 Iskenderun's Battlesphe  Conj           42%        2d9       26%         5
 Cause Fear               Hex            10%        N/A       41%         4
 Dimensional Bullseye     Hex/Tloc       10%        N/A       41%         4
 Passage of Golubria      Tloc           21%        N/A       41%         4
 Summon Blazeheart Golem  Fire/Summ      21%        N/A       41%         4
 Fireball                 Conj/Fire      15%        3d8       50%         5
 Yara's Violent Unravell  Hex/Alch       15%        3d8       50%         5
 Silence                  Hex/Air        10%        N/A       77%         5
 Summon Forest            Summ/Tloc      10%        N/A       77%         5
 Eringya's Noxious Bog    Alch           21%        4d6       80%         6
 Polar Vortex             Ice            44%        12d5*     96%         9
 Bombard                  Conj/Erth      15%        9d3       97%         6
 Conjure Ball Lightning   Conj/Air       15%        3x3d6     97%         6
 Starburst                Conj/Fire      15%        6d6       97%         6
 Dispersal                Tloc           10%        N/A       100%        6
 Gell's Gavotte           Tloc           10%        2d(16-23) 100%        6
 Enfeeble                 Hex            10%        N/A       100%        7
 Manifold Assault         Tloc           10%        N/A       100%        7
 Orb of Destruction       Conj           21%        9d8       100%        7
 Summon Hydra             Summ           10%        N/A       100%        7
 Infestation              Necr           23%        N/A       100%        8
 Lehudib's Crystal Spear  Conj/Erth      15%        10d5      100%        8
 Maxwell's Capacitive Co  Air            10%        ∞         100%        8
 Dragon's Call            Summ           10%        N/A       100%        9
 Sublimation of Blood     Necr           Unusable   N/A       N/A         2

Dungeon Overview and Level Annotations

Branches:
Dungeon (15/15)            Temple (0/1) D:7            Lair (5/5) D:8
 Shoals (4/4) Lair:2        Snake (4/4) Lair:2        Slime (0/5) Lair:4
    Orc (2/2) D:12            Elf (1/3) Orc:2        Vaults (4/5) D:14
  Crypt (0/3) Vaults:3     Depths (1/4) D:15          Sewer (visited)
 WizLab (visited)         Gauntlet (visited)

Altars:
Dithmenos
Fedhas
Gozag
Kikubaaqudgha
Makhleb
Nemelex Xobeh
Okawaru
Qazlal
Ru
Sif Muna
Trog
Vehumet
Yredelemnul
Beogh
Jiyva

Shops:
D:10 [(   D:13 *   Orc:2 [=:=   Lair:1 =   Shoals:1 ?   Vaults:3 (
Depths:1 ((?*

Portals:
Trove: Vaults:1 (give +4 fire dragon scales)

Annotations:
D:6 1 runed translucent door, Crazy Yiuf
D:8 2 transporters, Syneil's ghost, novice CoHu
Lair:5 3 runed translucent doors, MindCufk's ghost, journeyman MDFi; YordlordTheGreat's ghost, journeyman MiMo; temujin's ghost, journeyman DECj; topfpfpflanze's ghost, journeyman FeFi
Shoals:3 3 runed translucent doors, Soigis's ghost, adept GrSu
Snake:2 exclusion: downstairs


Innate Abilities, Weirdness & Mutations

You are immune to poison.
Your flesh is cold resistant. (rC+)
You are immune to negative energy. (rN+++)
You are immune to unholy pain and torment.
You are vulnerable to heat. (rF-)
You are strongly in touch with the powers of death.
You do not drink.
You have a special connection with the divine. (Faith)


Message History

Press: ? - help, Shift-Dir - straight line The thunderbolt hits the +6 glaive of venom.
The +6 glaive of venom completely resists.
The +6 glaive of venom is lightly damaged.
The +6 glaive of venom hits you!
Unknown command.
Aiming: Thunderbolt
Press: ? - help, Shift-Dir - straight line The thunderbolt hits the +6 glaive of venom.
The +6 glaive of venom completely resists.
The +6 glaive of venom is lightly damaged.
The lightning rod overheats!
The +6 glaive of venom hits you!!
* * * LOW HITPOINT WARNING * * *
The +6 glaive of venom hits you!!
* * * LOW HITPOINT WARNING * * *
Press: ? - help, v - describe, . - travel
Here: a +6 glaive of venom The floor.
Blink to where?
Press: ? - help, Dir - move target Your icy armour cracks and falls away as you move.
A deep elf zephyrmancer comes into view.
It is wielding a +0 dagger.
As you read the scroll of blinking, it crumbles to dust.
The deep elf zephyrmancer shouts!
The deep elf zephyrmancer gestures at you while chanting.
The bolt of lightning hits you. You resist.
* * * LOW HITPOINT WARNING * * *
You hear a shout! x5 [a] - 240 gold - invisibility and might [b] - 224 gold - might and brilliance [c] - 450 gold - resistance and enlightenment Purchase which effect?
You fade into invisibility!
You feel very mighty all of a sudden.
As you read the scroll of teleportation, it crumbles to dust.
You feel strangely unstable.
The +6 glaive of venom barely misses you.
A deep elf zephyrmancer comes into view.
It is wielding a +3 long sword.
The +6 glaive of venom hits you!!
You die...
Your body crumbles into a pile of gold.

.#.## #.# #... ###.###.# #..#
# ##.##.# #..# ###.###.##
#..######.### .#.## #..#
#....e....... #.## ##.#
##e###.####### ### #.# #.##
##.# ####.# #(# #.# #
##.##.## #@## ##.#
####...)).#######.###.###
'...............$......('....
####....)...######...####....
## #.........# ##.## ..
.###.........# .#.#
..##.........# .# #e.
...##.......## ## #.#
....#......## .#


You could see 2 deep elf zephyrmancers and a +6 glaive of venom (unable to see
you).

Vanquished Creatures
  Frederick (Vaults:3)
  Sojobo (Vaults:3)
  Vashnia (Snake:4)
  Bai Suzhen (Snake:4)
  A kraken (Shoals:3)
  A sphinx (Vaults:3)
  Kirke (Lair:4)
  Aizul (Snake:4)
  A tengu reaver (Vaults:3)
  7 nagarajas (Snake:4)
  A draconian knight (Vaults:3)
  A fire giant (Depths:1)
  3 orc warlords
  13 vault wardens
  19 ironbound preservers
  A stone giant (Depths:1)
  8 ironbound thunderhulks
  2 formless jellyfish
  A minotaur (Gauntlet)
  2 vampire knights (Vaults:3)
  A dire elephant (Vaults:4)
  2 war gargoyles (Vaults:2)
  4 merfolk impalers
  2 merfolk javelineers (Shoals:4)
  A fire dragon (Depths:1)
  An entropy weaver (Vaults:3)
  3 rakshasas
  8 yaktaur captains
  7 hydras
  7 great orbs of eyes
  An ice dragon (D:15)
  9 vault guards
  An alligator snapping turtle (Shoals:4)
  2 salamander tyrants
  16 centaur warriors
  12 ironbound frosthearts
  2 merfolk aquamancers (Shoals:4)
  2 merfolk avatars
  13 anacondas
  2 catoblepae
  2 peacekeepers (Vaults:2)
  A death knight (D:15)
  5 two-headed ogres
  4 boulder beetles
  2 tengu warriors (D:14)
  2 satyrs (Shoals:4)
  2 demonic crawlers (D:14)
  23 naga warriors
  6 orc high priests
  Nergalle (Lair:3)
  10 shock serpents
  12 naga sharpshooters
  A fire crab (Lair:3)
  5 salamander mystics
  6 sea snakes
  6 skysharks
  3 deep elf archers (Elf:1)
  5 skeletal warriors
  8 mana vipers
  32 deep trolls
  8 naga ritualists
  7 arcanists
  8 lindwurms
  2 glowing orange brains (Vaults:1)
  21 harpies
  An obsidian bat (Orc:2)
  4 thermic dynamos (Elf:1)
  12 orc knights
  10 deep elf zephyrmancers (Elf:1)
  21 ironbound convokers
  3 wolf spiders
  10 deep elf pyromancers
  8 orc sorcerers
  25 ugly things
  5 cyclopes
  9 fauns (Shoals:4)
  7 manticores
  A kobold blastminer (Orc:2)
  3 meliai (D:13)
  21 naga magi
  A torpor snail (Lair:4)
  21 salamanders
  26 black mambas
  8 merfolk sirens
  10 guardian serpents
  14 cane toads
  14 elephants
  9 vault sentinels
  A smoke demon (Gauntlet)
  4 rime drakes
  8 komodo dragons
  A freezing wraith (D:15)
  An efreet (D:14)
  28 yaktaurs
  2 unseen horrors
  A tengu conjurer (D:15)
  A troll (shapeshifter) (D:14)
  A merfolk (shapeshifter) (Vaults:1)
  4 polar bears
  5 trolls
  A glass eye (Depths:1)
  A queen bee (D:10)
  19 merfolk
  A hornet (Lair:5)
  11 wind drakes
  10 dream sheep
  A blink frog (shapeshifter) (D:9)
  5 snapping turtles
  A centaur simulacrum (Gauntlet)
  24 blink frogs
  37 slime creatures
  A culicivora (Vaults:3)
  3 wraiths
  4 vampires
  36 yaks
  A basilisk (shapeshifter) (Elf:1)
  5 water elementals
  2 shadows
  4 humans (D:14)
  6 wyverns
  4 basilisks
  A steam dragon (shapeshifter) (D:15)
  2 fire elementals (Elf:1)
  4 hogs (Lair:4)
  2 wargs (Orc:1)
  2 steam dragons
  4 vampire mosquitoes (D:13)
  A redback (Vaults:3)
  4 acid dragons
  48 nagas
  A harpy simulacrum (Gauntlet)
  14 water moccasins
  2 hell hounds (D:14)
  21 orc warriors
  2 sky beasts (D:6)
  4 laughing skulls
  An ettin simulacrum (Vaults:1)
  10 boggarts
  A tengu (shapeshifter) (D:13)
  3 black bears
  31 wolves
  18 centaurs
  5 ogres
  3 kobold brigands
  6 gnoll sergeants
  7 bullfrogs
  9 scorpions
  2 wights
  40 killer bees
  4 howler monkeys
  2 bombardier beetles
  3 crimson imps (Gauntlet)
  5 hounds
  17 orc priests
  8 jellies
  A sleepcap (D:6)
  4 iguanas
  2 hell rats (D:14)
  21 orc wizards
  Terence (D:2)
  13 gnolls
  Robin (D:2)
  9 river rats
  10 adders
  A shadow imp (D:8)
  4 white imps
  3 ufetubi
  4 dart slugs
  2 ribbon worms
  78 orcs
  16 ball pythons
  A bat (D:1)
  14 endoplasms
  10 giant cockroaches
  23 goblins
  9 hobgoblins
  15 jackals
  36 kobolds
  4 quokkas
  3 frilled lizards
  26 rats
  A butterfly (Lair:2)
  6 tentacles (Shoals:3)
1427 creatures vanquished.

Vanquished Creatures (collateral kills)
  Rupert (D:12)
  Jorgrun (Snake:1)
  2 nagarajas (Snake:2)
  An orc warlord (Orc:1)
  5 hydras
  A catoblepas (Lair:2)
  An orc high priest (Orc:2)
  A skyshark (Lair:2)
  A mana viper (Snake:1)
  A naga ritualist (Snake:2)
  An orc knight (Orc:2)
  A faun (Shoals:4)
  An ugly thing (D:15)
  2 cyclopes (D:13)
  2 kobold blastminers (Orc:2)
  2 elephants
  A black mamba (Lair:5)
  3 cane toads
  A komodo dragon (Lair:5)
  A rime drake (Lair:5)
  2 trolls
  A wind drake (Shoals:4)
  3 blink frogs (Lair:3)
  3 dream sheep
  A centaur simulacrum (Gauntlet)
  3 slime creatures
  A wraith (D:13)
  6 yaks
  3 basilisks
  A meliai simulacrum (Gauntlet)
  4 orc warriors
  2 ogres
  2 centaurs
  A wolf (Lair:5)
  2 phantoms
  A wight (D:7)
  A howler monkey (D:9)
  A crimson imp (Gauntlet)
  2 orc priests
  An orc wizard (Orc:2)
  A boggart simulacrum (Gauntlet)
  A shadow imp (D:6)
  2 orcs
75 creatures vanquished.

Vanquished Creatures (others)
  A dancing weapon (Elf:1)
  2 orcs (Orc:2)
  12 spectral weapons
  5 tentacles (Shoals:3)
20 creatures vanquished.

Grand Total: 1522 creatures vanquished

Notes
Turn   | Place    | Note
-------+----------+-------------------------------------------
     0 | D:1      | Ajdolov the Mummy Ice Elementalist began the quest for the
                  | Orb.
     0 | D:1      | Reached XP level 1. HP: 13/13 MP: 4/4
   339 | D:1      | Reached XP level 2. HP: 18/19 MP: 3/6
   372 | D:1      | Found a faded altar of an unknown god.
   753 | D:1      | Reached XP level 3. HP: 19/24 MP: 4/8
   795 | D:1      | Learned a level 3 spell: Frozen Ramparts
   804 | D:1      | Learned a level 3 spell: Ozocubu's Armour
   905 | D:2      | Noticed Robin
  1271 | D:2      | Killed Robin
  1360 | D:2      | Reached XP level 4. HP: 25/30 MP: 2/10
  1530 | D:2      | Noticed Terence
  1649 | D:2      | Killed Terence
  1946 | D:2      | Learned a level 3 spell: Summon Ice Beast
  2073 | D:2      | Reached XP level 5. HP: 32/35 MP: 4/12
  2074 | D:2      | Reached skill level 5 in Spellcasting
  3073 | D:4      | Found a radiant altar of Vehumet.
  3197 | D:4      | Found a sacrificial altar of Ru.
  3535 | D:4      | Reached XP level 6. HP: 41/41 MP: 7/14
  3606 | D:4      | Reached skill level 5 in Ice Magic
  4019 | D:5      | Entered Level 5 of the Dungeon
  4266 | D:5      | Reached XP level 7. HP: 46/46 MP: 17/17
  4276 | D:5      | Found a glowing drain.
  4281 | Sewer    | Entered a sewer
  5121 | D:5      | Found a blossoming altar of Fedhas.
  5416 | D:6      | Found an ancient bone altar of Kikubaaqudgha.
  5492 | D:6      | Noticed a steam dragon
  5598 | D:6      | Noticed a troll
  5788 | D:6      | Reached XP level 8. HP: 43/52 MP: 14/20
  5854 | D:6      | Found a runed translucent door.
  5854 | D:6      | Noticed Crazy Yiuf
  7054 | D:7      | Found an opulent altar of Gozag.
  7083 | D:7      | Found a shadowy altar of Dithmenos.
  7130 | D:7      | Became a worshipper of Gozag Ym Sagoz the Greedy
  7194 | D:7      | Reached XP level 9. HP: 42/57 MP: 21/21
  7246 | D:7      | Found a staircase to the Ecumenical Temple.
  7434 | D:6      | Killed a troll
  7839 | D:7      | Reached skill level 10 in Ice Magic
  8455 | D:8      | Found a transporter.
  8456 | D:8      | Identified the +9 trident of Dust {vamp, rElec Str+3}
  8456 | D:8      | Identified the +0 ring mail of the Unseen Realm {Int+5}
  8653 | D:8      | Reached skill level 1 in Fighting
  8653 | D:8      | Reached skill level 1 in Evocations
  8731 | D:8      | Found a staircase to the Lair.
  8857 | D:8      | Found a transporter.
  8861 | D:8      | Noticed Syneil's ghost (novice CoHu)
  8866 | D:8      | Identified the amulet "Bolual" {Acrobat Int+5 Dex+5}
  8919 | D:8      | Reached XP level 10. HP: 55/67 MP: 22/22
  9326 | D:8      | Noticed an Executioner
  9327 | D:8      | Found a burning altar of Makhleb.
  9331 | D:8      | Noticed an angel
 10214 | D:9      | Reached skill level 5 in Fighting
 10628 | D:9      | Found a runed translucent door.
 10630 | D:9      | Noticed a two-headed ogre
 10659 | D:9      | Killed a two-headed ogre
 10660 | D:9      | Reached XP level 11. HP: 80/81 MP: 10/23
 10944 | D:10     | Entered Level 10 of the Dungeon
 11257 | D:10     | Reached skill level 5 in Evocations
 11422 | D:10     | Noticed a two-headed ogre
 11446 | D:10     | Killed a two-headed ogre
 11625 | D:10     | Found a shimmering blue altar of Sif Muna.
 11841 | D:10     | Found Vute's Weapon Emporium.
 12247 | D:10     | Found a stormy altar of Qazlal.
 13266 | D:11     | Reached skill level 10 in Fighting
 13330 | D:11     | Reached skill level 1 in Armour
 13982 | Lair:1   | Entered Level 1 of the Lair of Beasts
 14172 | Lair:1   | Reached XP level 12. HP: 83/97 MP: 18/24
 14217 | Lair:1   | Identified a scroll of acquirement
 14219 | Lair:1   | Acquired a staff of cold
 15117 | Lair:2   | Noticed a seven-headed hydra
 15128 | Lair:2   | Killed a seven-headed hydra
 15165 | Lair:2   | Reached skill level 5 in Armour
 15252 | Lair:2   | Found a staircase to the Snake Pit.
 15619 | Lair:2   | Found a gate leading to a gauntlet.
 15633 | Gauntlet | Entered a Gauntlet
 15633 | Gauntlet | Found a transporter.
 15633 | Gauntlet | Found a transporter.
 15674 | Gauntlet | Found a transporter.
 15677 | Gauntlet | Found a transporter.
 15685 | Gauntlet | Found a transporter.
 15689 | Gauntlet | Found a transporter.
 15697 | Gauntlet | Found a transporter.
 15713 | Gauntlet | Found a transporter.
 15730 | Gauntlet | Found a transporter.
 15731 | Gauntlet | Found a transporter.
 15739 | Gauntlet | Found a transporter.
 15743 | Gauntlet | Found a transporter.
 15861 | Gauntlet | Identified the amulet "Taitic" {Faith rF+ Int+4 Dex+4}
 16221 | Gauntlet | Noticed a minotaur
 16236 | Gauntlet | Killed a minotaur
 16722 | Lair:2   | Found a staircase to the Shoals.
 16911 | Lair:2   | You fall into a shaft and drop 2 floors!
 16911 | Lair:4   | Noticed a five-headed hydra
 16926 | Lair:4   | Killed a five-headed hydra
 16980 | Lair:4   | Noticed a six-headed hydra
 17011 | Lair:3   | Gained mutation: You are strongly in touch with the powers
                  | of death. [Mummy growth]
 17011 | Lair:3   | Reached XP level 13. HP: 45/103 MP: 14/25
 17519 | Lair:3   | Noticed Nergalle
 17538 | Lair:3   | Killed Nergalle
 18276 | Lair:3   | Identified the +2 plate armour of the Iron City of Dis
                  | {Harm Regen+ Int+2}
 18329 | Lair:3   | Reached skill level 10 in Spellcasting
 18329 | Lair:3   | Reached skill level 10 in Evocations
 18771 | Lair:3   | Reached skill level 5 in Dodging
 19611 | Lair:4   | Noticed Kirke
 19622 | Lair:4   | Killed Kirke
 19803 | Lair:4   | Found a staircase to the Slime Pits.
 19811 | Lair:4   | Found a viscous altar of Jiyva.
 20388 | D:12     | Noticed Rupert
 20457 | D:12     | Reached XP level 14. HP: 98/110 MP: 22/28
 20720 | D:12     | Found a staircase to the Orcish Mines.
 20842 | D:12     | Learned a level 2 spell: Blink
 21022 | D:12     | Found a basalt altar of Yredelemnul.
 21746 | D:12     | Killed Rupert
 22145 | D:13     | Found Oklu's Assorted Antiques.
 22542 | Orc:1    | Entered Level 1 of the Orcish Mines
 22591 | Orc:1    | You fall into a shaft and drop 1 floor!
 22591 | Orc:2    | Entered Level 2 of the Orcish Mines
 22783 | Orc:1    | Noticed an orc warlord
 22816 | Orc:1    | Killed an orc warlord
 23456 | Orc:1    | Noticed an orc warlord
 23578 | Orc:2    | Found a staircase to the Elven Halls.
 23836 | Orc:1    | Killed an orc warlord
 23945 | Orc:1    | Found a roughly hewn altar of Beogh.
 24031 | Orc:2    | Found a bloodstained altar of Trog.
 25530 | Orc:2    | Found Toyworo's Jewellery Shoppe.
 25530 | Orc:2    | Found Ohisa's Book Shop.
 25532 | Orc:2    | Found Adeczit's Jewellery Shoppe.
 25532 | Orc:2    | Found Cecoaf's Armour Shop.
 26272 | D:14     | Found a gate to the Vaults.
 26309 | D:14     | You fall into a shaft and drop 1 floor!
 26309 | D:15     | Entered Level 15 of the Dungeon
 26379 | D:15     | Reached XP level 15. HP: 109/122 MP: 22/29
 27236 | D:14     | Found a sparkling altar of Nemelex Xobeh.
 28643 | Orc:2    | Bought the Elucidation of Kinetic Malignant Magicks for 528
                  | gold pieces
 28649 | Orc:2    | Learned a level 5 spell: Irradiate
 28915 | Lair:5   | Entered Level 5 of the Lair of Beasts
 29105 | Lair:5   | Reached skill level 1 in Conjurations
 29139 | Lair:5   | Reached skill level 1 in Alchemy
 30749 | Lair:5   | Found a runed translucent gate.
 30751 | Lair:5   | Noticed MindCufk's ghost (journeyman MDFi)
 30752 | Lair:5   | Found a runed translucent gate.
 30753 | Lair:5   | Found a runed translucent gate.
 30753 | Lair:5   | Noticed topfpfpflanze's ghost (journeyman FeFi)
 30753 | Lair:5   | Noticed temujin's ghost (journeyman DECj)
 30753 | Lair:5   | Noticed YordlordTheGreat's ghost (journeyman MiMo)
 30986 | Snake:1  | Entered Level 1 of the Snake Pit
 32694 | Snake:1  | Noticed Jorgrun
 32702 | Snake:1  | Killed Jorgrun
 33757 | Snake:2  | Reached XP level 16. HP: 126/132 MP: 24/30
 34963 | Snake:2  | Learned a level 7 spell: Ozocubu's Refrigeration
 38036 | Snake:3  | Identified the +8 quarterstaff of Supply {elec, Stlth+}
 38450 | Snake:3  | Identified the +2 robe of a bazaar {rN+ SInv}
 41561 | Shoals:1 | Entered Level 1 of the Shoals
 42760 | Shoals:1 | Found Ocilur's Magic Scroll Emporium.
 42984 | Shoals:1 | Identified the +0 robe of Tortelloni {Str+2}
 44678 | Shoals:3 | Reached XP level 17. HP: 139/139 MP: 26/32
 45455 | Shoals:3 | Noticed a kraken
 45466 | Shoals:3 | Killed a kraken
 45484 | Shoals:3 | Acquired 693 gold pieces
 45624 | Shoals:3 | Found a runed translucent gate.
 45624 | Shoals:3 | Found a runed translucent gate.
 45624 | Shoals:3 | Found a runed translucent gate.
 45677 | Shoals:3 | Noticed Soigis's ghost (adept GrSu)
 45964 | Shoals:4 | Entered Level 4 of the Shoals
 46570 | Shoals:4 | Reached skill level 15 in Ice Magic
 49043 | Shoals:4 | Got a barnacled rune of Zot
 49894 | Snake:4  | Entered Level 4 of the Snake Pit
 50600 | Snake:4  | Reached skill level 15 in Spellcasting
 52457 | Snake:4  | Noticed Vashnia
 53311 | Snake:4  | Reached XP level 18. HP: 131/147 MP: 6/37
 53423 | Snake:4  | Noticed Bai Suzhen
 53768 | Snake:4  | Identified the serpent talisman "Caodygry" {rN+ Str+3
                  | Dex+2}
 53768 | Snake:4  | Noticed Aizul
 53775 | Snake:4  | Killed Aizul
 54344 | Snake:4  | Killed Bai Suzhen
 54345 | Snake:4  | Reached skill level 15 in Fighting
 54545 | Snake:4  | Killed Vashnia
 56918 | Snake:4  | Found an iron altar of Okawaru.
 56932 | Snake:4  | Got a serpentine rune of Zot
 58301 | D:14     | Reached skill level 15 in Evocations
 61437 | D:15     | Found a staircase to the Depths.
 61564 | Vaults:1 | Entered Level 1 of the Vaults
 61642 | Vaults:1 | Reached skill level 1 in Shields
 61827 | Vaults:1 | Found a magical portal.
 61836 | WizLab   | Entered Wucad Mu's Monastery
 62215 | Vaults:1 | Found a portal to a secret trove of treasure.
 62216 | Vaults:1 | Identified the +1 ring mail of the Kappa {*Corrode rElec
                  | Dex+6 SInv}
 65056 | Vaults:1 | Reached XP level 19. HP: 155/155 MP: 8/38
 65319 | Vaults:1 | Identified the +11 arbalest of Tumult {penet, Str+4}
 69039 | Vaults:3 | Reached skill level 5 in Shields
 70939 | Vaults:3 | Found Biracuz's Weapon Boutique.
 70949 | Vaults:3 | Identified the orb of Hubris {*channel, Earth}
 70949 | Vaults:3 | Noticed Frederick
 70949 | Vaults:3 | Noticed Sojobo
 71356 | Vaults:3 | Killed Frederick
 71865 | Vaults:3 | Killed Sojobo
 73577 | Vaults:3 | Reached XP level 20. HP: 159/168 MP: 27/39
 73774 | Vaults:3 | Found a staircase to the Crypt.
 74967 | Vaults:4 | Identified the +5 war axe of Vacepig {heavy, rElec rF+
                  | Int+3}
 78786 | Depths:1 | Entered Level 1 of the Depths
 79296 | Depths:1 | Found Pyteihir's Magic Scroll Shoppe.
 79296 | Depths:1 | Found Vimpyh's Weapon Emporium.
 79296 | Depths:1 | Found Eliminabb's Assorted Antiques.
 79296 | Depths:1 | Found Cestuxt's Weapon Emporium.
 79303 | Depths:1 | Bought a scroll of teleportation for 33 gold pieces
 79306 | Depths:1 | Bought a scroll of enchant armour for 217 gold pieces
 79942 | Elf:1    | Entered Level 1 of the Elven Halls
 80162 | Elf:1    | Reached skill level 10 in Armour
 81956 | Elf:1    | Mangled by a +6 glaive of venom

Illustrated notes

Levels and vault maps discovered:
D:1:      psy_arrival_dodecagon, layout_basic,
          hellmonk_ecumenical_altar_dog_temple, minmay_tetromino_i4
D:2:      layout_basic, kennysheep_path_1, uniq_terence, uniq_robin
D:3:      layout_rooms
D:4:      layout_loops_ring, mainiacjoe_overflow_cross_hatched,
          kennysheep_mini_moat
D:5:      lemuel_ice_spiral_2, layout_rooms, tso_oasis_becter,
          lemuel_round_altar, mainiacjoe_sewer_entry_somewhere_in_here_1
D:6:      minmay_polygon_palace, layout_rooms, mainiacjoe_overflow_catwalk,
          uniq_crazy_yiuf_cottage
D:7:      layout_rooms, nicolae_dithmenos_through_a_glass_darkly,
          lemuel_tele_altar, minmay_temple_entry_water_ring
D:8:      layout_basic, grunt_temple_overflow_order_and_chaos_2,
          elyvilon_altar_5, minmay_lair_entry_grove,
          gammafunk_ghost_gnarly_gnolls
D:9:      layout_irregular_city, st_stairs_5, minmay_st_funbox
D:10:     layout_loops_cross, lemuel_round_altar, marbit_many_paths,
          special_room [special_room_bee], serial_shops, shop
D:11:     layout_irregular_city, kennysheep_small_square
D:12:     layout_long_grid, kennysheep_orc_monster_closet_entryway,
          yredelemnul_altar_generic, uniq_rupert
D:13:     layout_loops_corners, serial_shops, nicolae_shop_tiny_statue_garden,
          chequers_garden, minmay_quadrilaterals
D:14:     layout_basic, hellmonk_vaults_keyhole, nemelex_lonely_heart_becter,
          hangedman_parallel_progression
D:15:     gammafunk_enter_depths_forms, layout_basic, nicolae_two_hexagons
Lair:1:   layout_long_grid, lemuel_fruit_fields, grunt_megastairs_5
Lair:2:   layout_concentric_octagons, elwin_shoals_entry_stream,
          dummy_snake_entry, gauntlet_entry_generic,
          nicolae_lair_run_with_the_wolves, lemuel_fruit_fields,
          grunt_megastairs_3
Lair:3:   layout_misc_corridors, hangedman_lair_generics_rect, uniq_nergalle
Lair:4:   layout_cave_shapes, nicolae_slime_entry_slimehenge, uniq_kirke
Lair:5:   gammafunk_lair_ancient_temple, layout_cave_pods,
          gammafunk_ghost_cemetery, minivault_23, infiniplex_staircase_pool,
          lemuel_fruit_tree, serial_bayou_shore_b
Shoals:1: layout_shoals, serial_shops, nicolae_shop_stone
Shoals:2: layout_shoals
Shoals:3: layout_shoals, gammafunk_ghost_necromancy,
          nicolae_shoals_circle_sea_wall
Shoals:4: shoals_end_grunt_garden, layout_shoals
Snake:1:  layout_chambers, st_stairs_9, grunt_megastairs_2,
          nicolae_triple_integral, uniq_jorgrun
Snake:2:  layout_gridlike, st_stairs_5, nicolae_snake_linked_coils,
          guppyfry_library_mini
Snake:3:  layout_onion_interference
Snake:4:  grunt_snake_rune_serpentine_throne, layout_gridlike,
          nicolae_snake_snakewalk, uniq_aizul, uniq_bai_suzhen
Orc:1:    layout_caves, minmay_orc_temple_c
Orc:2:    grunt_orc_tribal_feast, layout_diamond_mine, basic_altar
Elf:1:    nicolae_elf_arrival_no_cutting_in_line, layout_loops_corners,
          hangedman_elf_disciples
Vaults:1: mu_enter_wizlab_5, lightli_orcish_oven, v_rooms_3,
          nicolae_vaults_shock_wave, serial_ice_m,
          nicolae_vaults_sesquioval_fish, grunt_vaults_hallway_long,
          nicolae_vaults_yaktaur_gun_rack, nicolae_vaults_tetromino_L_1,
          layout_vaults_omnigrid, nicolae_trove_entry_crystal
Vaults:2: v_pattern_2, nicolae_vaults_asterisk, nicolae_vaults_wine_cellar,
          nicolae_vaults_six-pack, nicolae_vaults_puzzle_piece,
          nicolae_vaults_offset_grid_hallway_3, v_misc_18,
          ontoclasm_vaults_idyll, v_misc_22, nicolae_vaults_diagonal_hallway_8,
          v_rooms_6, layout_vaults_ring
Vaults:3: v_misc_2, minmay_crypt_entry_vampire_xt, v_rooms_5,
          nicolae_vaults_trapezoid_1, nicolae_vaults_stairing_the_circle,
          hangedman_vaults_corner, nicolae_vaults_heist,
          nicolae_vaults_shelves_hall, vaults_standard_mumra_x, sword_in_stone,
          nicolae_vaults_tetromino_L_2, v_alt_pattern_1,
          nicolae_vaults_specimen_jars, layout_vaults_maze_bifur, serial_shops,
          shop
Vaults:4: nicolae_vaults_trapezoid_2, nicolae_vaults_shrinking_rooms_2,
          nicolae_vaults_closet_pinwheel_1, vaults_room_pools, v_misc_13,
          nicolae_vaults_ellipses_ellipsis, ontoclasm_vaults_hangar,
          vaults_mumra_lcd, v_misc_26, nicolae_vaults_network_periphery,
          v_misc_13, nicolae_vaults_more_shelving_2, grunt_vaults_hallway_long,
          ontoclasm_vaults_fault, nicolae_vaults_house_1, vaults_mumra_chevron,
          layout_vaults_omnibox
Depths:1: layout_cave_pools, grunt_mini_vestibule, grunt_pan_entry_zigzag,
          chequers_serial_rivers_micro_d, hangedman_decor_lopped,
          kennysheep_inner_square, minmay_shoptagon

Skill      XL: |  1  2  3  4  5  6  7  8  9 10 11 12 13 14 15 16 17 18 19 20 |
---------------+-------------------------------------------------------------+-----
Spellcasting   | 3 4 5 6 8 10 11 15 | 15.0
Ice Magic      | 4 5 6 9 11 12 14 15 16 17 18 | 18.0
Fighting       | 2 5 10 12 13 14 15 17 18 | 18.0
Evocations     | 1 4 5 9 12 13 15 | 15.0
Armour         | 3 5 8 10 | 10.0
Dodging        | 2 5 7 8 |  8.0
Conjurations   | 3 |  3.8
Alchemy        | 3 |  3.9
Shields        | 3 6 |  6.3
Polearms       | |  0.4
Stealth        | |  1.5

Action                     |  1- 3 |  4- 6 |  7- 9 | 10-12 | 13-15 | 16-18 | 19-21 || total
---------------------------+-------+-------+-------+-------+-------+-------+-------++-------
  Melee: Whip              |     9 |       |       |       |       |       |       ||     9
         Dagger            |     3 |     3 |       |       |       |       |       ||     6
         Halberd           |       |    68 |   248 |   317 |   614 |       |       ||  1247
         Demon trident     |       |       |       |       |   116 |   264 |   139 ||   519
         Staff             |       |       |       |       |       |     4 |       ||     4
  Throw: Dart              |       |       |       |       |     9 |       |       ||     9
         Throwing net      |       |       |       |       |     1 |     7 |       ||     8
   Cast: Freeze            |    73 |    20 |       |     8 |     6 |       |       ||   107
         Ozocubu's Armour  |     1 |    13 |    28 |    59 |   117 |    39 |    18 ||   275
         Frozen Ramparts   |       |    16 |    42 |    83 |   186 |    40 |     2 ||   369
         Summon Ice Beast  |       |     1 |    22 |    30 |    90 |    12 |     1 ||   156
         Ozocubu's Refrige |       |       |       |       |       |   668 |   418 ||  1086
 Invoke: Call Merchant     |       |       |       |     2 |       |       |       ||     2
         Potion Petition   |       |       |       |     2 |     4 |     4 |     4 ||    14
  Evoke: Condenser vane    |       |       |       |     1 |     4 |     2 |     2 ||     9
         Wand              |       |       |       |       |    29 |    12 |     3 ||    44
         Sack of spiders   |       |       |       |       |     5 |     2 |     3 ||    10
         Gell's gravitambo |       |       |       |       |       |     2 |     4 ||     6
         Lightning rod     |       |       |       |       |       |     1 |    10 ||    11
    Use: Scroll            |       |       |     7 |     6 |     8 |     9 |     9 ||    39
   Stab: Sleeping          |       |     6 |     3 |     3 |     1 |       |       ||    13
         Distracted        |       |     1 |       |     3 |     5 |     4 |     1 ||    14
         Paralysed         |       |       |       |       |    23 |     2 |       ||    25
         Held in net/web   |       |       |       |       |       |     2 |       ||     2
 Armour: Robe              |    58 |    36 |   262 |   271 |   754 |   508 |   102 ||  1991
         Ring mail         |       |       |       |       |       |       |   250 ||   250
  Dodge: Dodged            |    58 |    63 |   217 |   366 |   930 |   337 |   231 ||  2202

Table legend: (Time is in decaauts)
 A = Elapsed time spent in this place.
 B = Non-inter-level travel time spent in this place.
 C = Inter-level travel time spent in this place.
 D = Time resting spent in this place.
 E = Time spent auto-exploring this place.
 F = Levels seen in this place.
 G = Mean time per level.
                   A        B        C        D        E       F      G
               +--------+--------+--------+--------+--------+-----+--------+
         Total |  83070 |  78895 |   4175 |  19523 |  46065 |  39 | 2130.0 |
       Dungeon |  24111 |  22477 |   1634 |   2401 |  15349 |  15 | 1607.4 |
          Lair |   7876 |   7335 |    541 |    569 |   5142 |   5 | 1575.2 |
        Shoals |   8434 |   8203 |    231 |   2080 |   5372 |   4 | 2108.5 |
     Snake Pit |  17903 |  17183 |    720 |   5835 |   9437 |   4 | 4475.8 |
  Orcish Mines |   3614 |   3358 |    256 |    817 |   1535 |   2 | 1807.0 |
   Elven Halls |   1881 |   1881 |      0 |    298 |   1339 |   1 | 1881.0 |
        Vaults |  17279 |  16505 |    774 |   7336 |   6954 |   4 | 4319.8 |
        Depths |    254 |    239 |     15 |      0 |    166 |   1 |  254.0 |
         Sewer |    753 |    753 |      0 |      4 |    494 |   1 |  753.0 |
        Wizlab |    109 |    109 |      0 |     11 |      0 |   1 |  109.0 |
      Gauntlet |    852 |    852 |      0 |    172 |    275 |   1 |  852.0 |
               +--------+--------+--------+--------+--------+-----+--------+

Top non-repeatable levels by time:
Vaults:3: 5745 daAuts
 Snake:4: 5154 daAuts
 Snake:3: 5144 daAuts
 Snake:2: 4850 daAuts
Vaults:2: 4657 daAuts
Vaults:1: 4163 daAuts
Shoals:3: 3550 daAuts
    D:15: 3406 daAuts
    D:14: 2817 daAuts
 Snake:1: 2753 daAuts
Vaults:4: 2713 daAuts
    D:13: 2434 daAuts
   Orc:2: 2174 daAuts
  Lair:5: 2070 daAuts
     D:6: 1919 daAuts
